 Dungeon Crawl Stone Soup version 0.24.0-2-g5b39cebb1c (webtiles) character file.

Game seed: 13676035986990096294, levelgen mode: deterministic

2828 Mrkan the Grappler (level 9, 0/92 HPs)
             Began as a Troll Monk on Oct 29, 2019.
             Was a Priest of Ru.
             Slain by a killer bee (6 damage)
             ... on level 8 of the Dungeon on Oct 30, 2019.
             The game lasted 00:12:40 (5124 turns).

Mrkan the Grappler (Troll Monk)                     Turns: 5124, Time: 00:12:41

Health: 0/92       AC:  8    Str: 21    XL:     9   Next: 45%
Magic:  0/8        EV:  9    Int:  9    God:    Ru [***...]
Gold:   190        SH:  0    Dex: 12    Spells: 8/8 levels left

rFire    x . .     SeeInvis .     - Unarmed
rCold    + . .     Gourm    +   (no shield)
rNeg     . . .     Faith    .   v - +2 robe {MR+}
rPois    .         Spirit   +   (helmet restricted)
rElec    .         Reflect  .   i - scarf {Spirit}
rCorr    .         Harm     .   (gloves unavailable)
MR       +....                  (boots unavailable)
Stlth    ++........             (no amulet)
HPRegen  0.65/turn              f - ring of ice
MPRegen  0.11/turn              (no ring)

@: no status effects
A: large, unfitting armour, claws 3, fast metabolism 3, gourmand, regeneration
1, shaggy fur 1, tough skin 3, inability to use devices, inability to train
dodging
a: Draw Out Power, Renounce Religion


You were on level 8 of the Dungeon.
You worshipped Ru.
Ru was most pleased with you.
You were very full.

You visited 2 branches of the dungeon, and saw 9 of its levels.

You collected 280 gold pieces.
You spent 90 gold pieces at shops.

Inventory:

Missiles
 o - 4 boomerangs (quivered)
Armour
 i - a scarf of spirit shield (worn)
 v - a +2 robe of magic resistance (worn)
Jewellery
 f - a ring of ice (left claw)
Scrolls
 a - a scroll of enchant armour
 c - 3 scrolls of identify
 d - a scroll of fear {unknown}
 e - 2 scrolls of teleportation
 g - 3 scrolls of remove curse
 k - a scroll of amnesia
 m - 2 scrolls of magic mapping
 q - 3 scrolls of enchant weapon
Potions
 h - a potion of resistance
 l - 2 potions of flight
 n - 4 potions of curing
 p - a potion of heal wounds
 s - a potion of might
 t - 2 potions of ambrosia
 u - 2 potions of mutation
Comestibles
 b - 16 rations
 w - a chunk of flesh


   Skills:
 + Level 6.7 Fighting
 * Level 4.3 Throwing
 - Level 1.0 Stealth
 - Level 10.0 Unarmed Combat


You had 8 spell levels left.
You didn't know any spells.
Your spell library contained the following spells:

 Spells                   Type           Power        Failure   Level  Hunger
 Animate Skeleton         Necr           N/A          38%         1    ##.....
 Apportation              Tloc           #.....       38%         1    ##.....
 Confusing Touch          Hex            #.....       38%         1    ##.....
 Summon Small Mammal      Summ           #...         38%         1    ##.....


Dungeon Overview and Level Annotations

Branches:
Dungeon (8/15)             Temple (1/1) D:4
   Lair: D:8-11

Altars:
Dithmenos
Elyvilon
Ru
Vehumet
Wu Jian
Xom
The Shining One

Shops:
D:7 %!=(


Innate Abilities, Weirdness & Mutations

You are too large for most types of armour.
You have claws for hands.
Your metabolism is lightning-fast.
You like to eat raw meat.
Your natural rate of healing is unusually fast.
You are covered in fur. (AC +1)
You have extremely tough skin. (AC +3)
You cannot study or use magical devices.
You cannot train Dodging skill.


Message History

The killer bee is stunned by your will and fails to attack.
The killer bee zombie hits you but does no damage.
The killer bee closely misses you. The hippogriff bites you!
* * * LOW HITPOINT WARNING * * *
The hippogriff pecks you.
* * * LOW HITPOINT WARNING * * *
The hippogriff claws you.
* * * LOW HITPOINT WARNING * * *
The killer bee stings you but does no damage.
The killer bee zombie hits you.
* * * LOW HITPOINT WARNING * * *
Unknown command.
Unknown command.
Okay, then.
You feel better. The killer bee stings you.
* * * LOW HITPOINT WARNING * * *
The killer bee closely misses you.
The killer bee zombie closely misses you.
The killer bee stings you.
You die...

## ##. #..#..# .
##..#..# ..
#......# ...
####....#.# ....
..........## .....
#......#..y##......
.......##yy@ZO.....
........#y##HS.....
...........##......
[.........<# ..?...
...........# $...(
.......y...# .....
...........# ..<.
.......#...# ....
#.....##...#


You could see a hippogriff, an ogre, 4 killer bees, an adder and a killer bee
zombie.

Vanquished Creatures
  Menkaure (D:5)
  An orc warrior (D:6)
  A hornet zombie (D:5)
  A sky beast (D:7)
  A phantom (D:6)
  4 ogres
  3 centaurs
  4 bullfrogs (D:6)
  A water moccasin zombie (D:6)
  A wyvern skeleton (D:3)
  A scorpion (D:5)
  5 killer bees
  A bullfrog zombie (D:5)
  4 crimson imps
  2 hounds
  A centaur zombie (D:5)
  A jelly (D:7)
  2 bullfrog skeletons
  7 orc priests
  4 orc wizards
  4 worker ants
  2 iguanas (D:7)
  A worker ant zombie (D:5)
  4 gnolls (D:3)
  12 adders
  A shadow imp (D:5)
  3 oozes
  3 worms
  4 adder skeletons
  2 dart slugs
  11 leopard geckos
  19 orcs
  4 ball pythons
  5 giant cockroaches
  11 goblins
  9 hobgoblins
  11 jackals
  9 kobolds
  6 quokkas
  6 bats
  6 frilled lizards
  A goblin skeleton (D:4)
  3 hobgoblin zombies (D:4)
  A kobold skeleton (D:4)
  3 leopard gecko skeletons
  A leopard gecko zombie (D:6)
  2 orc skeletons (D:4)
  A quokka zombie (D:5)
  11 rats
202 creatures vanquished.

Vanquished Creatures (others)
  A hound (D:5)
  A worker ant (D:7)
  An orc (D:5)
3 creatures vanquished.

Grand Total: 205 creatures vanquished

Notes
Turn   | Place    | Note
-------+----------+-------------------------------------------
     0 | D:1      | Mrkan the Troll Monk began the quest for the Orb.
     0 | D:1      | Reached XP level 1. HP: 22/22 MP: 0/0
   155 | D:1      | Reached XP level 2. HP: 17/29 MP: 1/1
   632 | D:2      | Reached XP level 3. HP: 36/36 MP: 2/2
   667 | D:2      | Reached skill level 4 in Unarmed Combat
   992 | D:2      | Reached XP level 4. HP: 45/45 MP: 1/3
  1531 | D:3      | Reached skill level 5 in Unarmed Combat
  1531 | D:3      | Reached XP level 5. HP: 38/53 MP: 1/4
  1870 | D:3      | Reached XP level 6. HP: 62/62 MP: 5/5
  2308 | D:4      | Reached skill level 6 in Unarmed Combat
  2355 | D:4      | Found a staircase to the Ecumenical Temple.
  2371 | Temple   | Entered the Ecumenical Temple
  2419 | Temple   | Became a worshipper of Ru the Awakened
  2437 | Temple   | Gained mutation: You cannot train Dodging skill. [Ru
                  | sacrifice]
  2437 | Temple   | Reached * piety under Ru
  2574 | D:4      | Found a glowing golden altar of the Shining One.
  2839 | D:4      | Reached XP level 7. HP: 49/70 MP: 4/6
  2984 | D:5      | Entered Level 5 of the Dungeon
  3005 | D:5      | Reached skill level 7 in Unarmed Combat
  3310 | D:5      | Reached skill level 8 in Unarmed Combat
  3373 | D:5      | Noticed Menkaure
  3375 | D:5      | Reached skill level 5 in Fighting
  3382 | D:5      | Killed Menkaure
  3382 | D:5      | Reached XP level 8. HP: 66/80 MP: 7/7
  3746 | D:6      | Gained mutation: You cannot study or use magical devices.
                  | [Ru sacrifice]
  3746 | D:6      | Reached ** piety under Ru
  3746 | D:6      | Reached *** piety under Ru
  3778 | D:6      | Reached skill level 9 in Unarmed Combat
  4170 | D:6      | Reached skill level 10 in Unarmed Combat
  4335 | D:6      | Reached skill level 1 in Throwing
  4335 | D:6      | Reached XP level 9. HP: 82/89 MP: 8/8
  4450 | D:7      | Found Xeadul's Food Boutique.
  4478 | D:7      | Found Toedghuw's Distillery.
  4485 | D:7      | Bought a potion of might for 40 gold pieces
  4485 | D:7      | Bought a potion of heal wounds for 50 gold pieces
  4530 | D:7      | Found Vicaxirph's Jewellery Emporium.
  4852 | D:7      | Found Ufrao's Antique Weapon Shoppe.
  5123 | D:8      | HP: 4/92 [hippogriff (3)]
  5123 | D:8      | HP: 1/92 [killer bee zombie (3)]
  5124 | D:8      | Slain by a killer bee

Levels and vault maps discovered:
D:1:      tarquinn_simple_flora_water_d, layout_basic, minmay_hexomino_f4
D:2:      minmay_razor_zed, layout_loops_ring, minmay_randomly_rotated_circles
D:3:      layout_loops_ring, first_ration
D:4:      layout_loops_ring, nicolae_tso_besieged_by_evil,
          minmay_temple_entry_proselytizer
D:5:      layout_cave_pools, hangedman_decor_clover_reticule, uniq_menkaure
D:6:      layout_loops_cross
D:7:      layout_loops_ring, serial_shops, kennysheep_little_box, shop,
          nicolae_shop_trees, nicolae_shop_window_shopping
D:8:      minmay_chambers_of_fours, layout_rooms, enter_ossuary_1,
          blue_anna_alchemist [blue_anna_fruit_fields, blue_anna_fruit_fields],
          abandoned_shop, lemuel_old_faithful
Temple:   roderic_octagonal_lattice_temple

Skill      XL: |  1  2  3  4  5  6  7  8  9 |
---------------+----------------------------+-----
Unarmed Combat | 4 5 6 8 10 | 10.0
Fighting       | 3 4 5 6 |  6.7
Dodging        | 0 |  0.0
Throwing       | 1 4 |  4.3
Stealth        | |  1.0

Action                   |  1- 3 |  4- 6 |  7- 9 || total
-------------------------+-------+-------+-------++-------
Melee: Unarmed           |   100 |   185 |   257 ||   542
       Punch             |     1 |     5 |    13 ||    19
Invok: Sacrifice Nimblen |       |     1 |       ||     1
       Sacrifice Artific |       |       |     1 ||     1
  Use: Scroll            |       |       |    15 ||    15
       Potion            |       |       |     2 ||     2
 Stab: Sleeping          |     4 |     1 |     2 ||     7
       Distracted        |       |       |     1 ||     1
       Invisible         |       |       |     1 ||     1
  Eat: Chunk             |    14 |    15 |    23 ||    52
Armor: Robe              |    37 |    66 |   122 ||   225
Dodge: Dodged            |    46 |    90 |   121 ||   257
